[Event "Berliner IM-Turnier 2025"]
[Site "Berlin"]
[Date "2025.02.28"]
[Round "6.10"]
[White "Moritz, Aron"]
[Black "Ahmadinia, Ebrahim"]
[Result "1/2-1/2"]
[Annotator "ChessBase"]
[ECO "C55"]
[WhiteElo "2276"]
[BlackElo "2404"]
[PlyCount "114"]
[EventDate "2025.02.23"]
[EventType "tourn"]
[EventCountry "GER"]
[SourceTitle "playchess.com"]
[Source "ChessBase"]
[SourceQuality "1"]
[TimeControl "40/5400+30:1800+30"]

1. e4 e5 2. Nf3 Nc6 3. Bc4 Nf6 4. d3 Be7 5. O-O O-O 6. Re1 d6 7. a4 Na5 8. Ba2 c5 9. c3 Nc6 10. Na3 h6 11. Bd2 a6 12. h3 Re8 13. Nc2 Bf8 14. Ne3 Be6 15. Bxe6 fxe6 16. Nh2 Be7 17. Nhg4 Nh7 18. g3 Rb8 19. h4 Rf8 20. Qb3 Qd7 21. Nf5 Bf6 22. Nfe3 Kh8 23. Kg2 Rbe8 24. Re2 Bd8 25. Qd1 Qf7 26. Nh2 Qg6 27. Kh1 Nf6 28. Qg1 d5 29. f3 c4 30. dxc4 dxe4 31. fxe4 Nxe4 32. Nef1 Nd6 33. c5 Nf5 34. Rae1 Bc7 35. Re4 Rd8 36. R1e2 Rd3 37. Be1 Rd1 38. Qg2 Nfe7 39. Rd2 Ra1 40. Rf2 Rd8 41. Rd2 Rd5 42. b4 Rxa4 43. Rf2 Qe8 44. Ne3 Rd8 45. Nhg4 Ra1 46. Nc4 Qh5 47. Rfe2 Rd5 48. Kh2 Nf5 49. Qf3 g5 50. Ngxe5 Qxf3 51. Nxf3 gxh4 52. Rxe6 hxg3+ 53. Kg2 Kg7 54. Ne3 Nxe3+ 55. R6xe3 Rd7 56. Bxg3 Bxg3 57. Kxg3 Rad1 1/2-1/2

[Event "Berliner IM-Turnier 2025"]
[Site "Berlin"]
[Date "2025.03.01"]
[Round "8.6"]
[White "Zobel, Christian"]
[Black "Poltorak, Sebastian"]
[Result "0-1"]
[Annotator "ChessBase"]
[ECO "E60"]
[WhiteElo "2188"]
[BlackElo "2407"]
[PlyCount "34"]
[EventDate "2025.02.23"]
[EventType "tourn"]
[EventCountry "GER"]
[SourceTitle "playchess.com"]
[Source "ChessBase"]
[SourceQuality "1"]
[TimeControl "40/5400+30:1800+30"]

1. d4 Nf6 2. c4 g6 3. f3 c5 4. d5 d6 5. e4 e6 6. Nc3 Bg7 7. dxe6 Bxe6 8. Bf4 O-O 9. Bxd6 Re8 10. Bf4 Nc6 11. Be2 Nd4 12. Kf2 Nh5 13. Bg3 f5 14. exf5 Bxf5 15. Bd3 Qb6 16. Rb1 Rad8 17. Nd5 Rxd5 0-1

[Event "Berliner IM-Turnier 2025"]
[Site "Berlin"]
[Date "2025.03.01"]
[Round "8.7"]
[White "Florstedt, Johannes"]
[Black "Jakubowski, Krzysztof"]
[Result "0-1"]
[Annotator "ChessBase"]
[ECO "B54"]
[WhiteElo "2349"]
[BlackElo "2449"]
[PlyCount "50"]
[EventDate "2025.02.23"]
[EventType "tourn"]
[EventCountry "GER"]
[SourceTitle "playchess.com"]
[Source "ChessBase"]
[SourceQuality "1"]
[TimeControl "40/5400+30:1800+30"]

1. e4 c5 2. Nf3 e6 3. d4 cxd4 4. Nxd4 Nc6 5. Nc3 d6 6. g4 a6 7. Nxc6 bxc6 8. h4 Rb8 9. b3 h6 10. Bb2 Be7 11. Qd2 e5 12. Be2 Nf6 13. f3 d5 14. O-O-O d4 15. Na4 c5 16. Ba3 c4 17. Bxe7 Qxe7 18. Bxc4 Qa3+ 19. Nb2 Qxa2 20. c3 Bxg4 21. fxg4 Nxe4 22. Qe1 dxc3 23. Na4 c2 24. Qxe4 Qb1+ 25. Kd2 cxd1=Q+ 0-1

[Event "Berliner IM-Turnier 2025"]
[Site "Berlin"]
[Date "2025.03.01"]
[Round "8.8"]
[White "Muse, Drazen"]
[Black "Schulze, Lara"]
[Result "1-0"]
[Annotator "ChessBase"]
[ECO "A20"]
[WhiteElo "2309"]
[BlackElo "2266"]
[PlyCount "85"]
[EventDate "2025.02.23"]
[EventType "tourn"]
[EventCountry "GER"]
[SourceTitle "playchess.com"]
[Source "ChessBase"]
[SourceQuality "1"]
[TimeControl "40/5400+30:1800+30"]

1. c4 e5 2. d3 Nf6 3. Nf3 Nc6 4. g3 e4 5. dxe4 Nxe4 6. Nbd2 Nxd2 7. Bxd2 Be7 8. Bc3 Bf6 9. Rc1 O-O 10. Bg2 d6 11. O-O Re8 12. Re1 a5 13. Nd4 Nxd4 14. Bxd4 a4 15. e3 Ra5 16. Rc3 Be5 17. c5 Bxd4 18. exd4 Rxe1+ 19. Qxe1 Rb5 20. Bd5 Bd7 21. Rf3 Be8 22. Bc4 Rxb2 23. Qc1 Rb4 24. a3 Rxc4 25. Qxc4 dxc5 26. Qxc5 Bc6 27. Re3 g6 28. Re7 b6 29. Qe5 Kf8 30. Qf6 Qd5 31. f3 Qc4 32. Re3 Kg8 33. Qd8+ Kg7 34. Qxc7 Qc1+ 35. Kf2 Qd2+ 36. Re2 Qxd4+ 37. Kg2 Qd3 38. Qe5+ Kg8 39. Qe3 Qd5 40. Rd2 Qb5 41. Qc3 Bd5 42. Qf6 Qd7 43. Qd4 1-0

[Event "Berliner IM-Turnier 2025"]
[Site "Berlin"]
[Date "2025.03.01"]
[Round "8.9"]
[White "Moritz, Aron"]
[Black "Noeldner, Julian"]
[Result "0-1"]
[Annotator "ChessBase"]
[ECO "B62"]
[WhiteElo "2276"]
[BlackElo "2233"]
[PlyCount "76"]
[EventDate "2025.02.23"]
[EventType "tourn"]
[EventCountry "GER"]
[SourceTitle "playchess.com"]
[Source "ChessBase"]
[SourceQuality "1"]
[TimeControl "40/5400+30:1800+30"]

1. e4 c5 2. Nf3 d6 3. d4 cxd4 4. Nxd4 Nf6 5. Nc3 Nc6 6. Bg5 e6 7. Qd3 Bd7 8. O-O-O a6 9. Kb1 Be7 10. h4 b5 11. a3 h6 12. Bc1 Qc7 13. Nxc6 Bxc6 14. f4 Rb8 15. Be2 a5 16. Bf3 b4 17. axb4 axb4 18. Ne2 Qa5 19. b3 e5 20. Bb2 h5 21. Ng3 g6 22. f5 Ra8 23. fxg6 fxg6 24. Qc4 Bb5 25. Qe6 Bd7 26. Qc4 Bf8 27. Nf1 Bh6 28. c3 Ke7 29. Qxb4 Qa6 30. c4 Rhb8 31. Qc3 Qa2+ 32. Kc2 Rxb3 33. Qxb3 Ba4 34. Rd3 Bxb3+ 35. Rxb3 Qa4 36. Kc3 Rc8 37. Rb4 Qa5 38. Kb3 Nd7 0-1

[Event "Berliner IM-Turnier 2025"]
[Site "Berlin"]
[Date "2025.03.01"]
[Round "8.10"]
[White "Ahmadinia, Ebrahim"]
[Black "Yatskar, Martin"]
[Result "1-0"]
[Annotator "TA"]
[ECO "C48"]
[WhiteElo "2404"]
[BlackElo "2157"]
[PlyCount "121"]
[EventDate "2025.02.23"]
[EventType "tourn"]
[EventCountry "GER"]
[SourceTitle "playchess.com"]
[Source "ChessBase"]
[SourceQuality "1"]
[TimeControl "40/5400+30:1800+30"]

1. e4 e5 2. Nf3 Nc6 3. Nc3 Nf6 4. Bb5 Nd4 5. O-O Nxb5 6. Nxb5 c6 7. Nc3 Qc7 8. d4 d6 9. a4 {[%emt 0:00:33] C48: Four Knights: 4 Bb5, replies other than 4...Bb4.} a5 10. h3 h6 11. Be3 {[%emt 0:10:31] White is slightly better.} Be7 12. Nd2 $146 ({Predecessor:} 12. Qd3 O-O 13. Rfd1 Re8 14. Nd2 exd4 15. Bxd4 Be6 16. Nc4 d5 17. exd5 Nxd5 18. Nxd5 Bxd5 {0-1 Swiercz,D (2612)-Naroditsky,D (2619) American Cup Blitz 2024 (5)}) 12... exd4 13. Bxd4 O-O 14. Nc4 $1 Be6 15. Ne3 Nd7 16. Qf3 Bf6 17. Bxf6 Nxf6 18. Rad1 Rad8 19. Rd2 Qb6 20. Rb1 Qb4 21. Rd3 Rd7 22. b3 Rfd8 23. Rbd1 Qc5 24. R1d2 Qe5 25. Rd4 g6 26. Qd1 Kg7 27. Qf1 Qc5 28. Qa1 Kg8 29. Ne2 ({White should play} 29. Ncd5 $14 Nxe4 (29... cxd5 30. exd5 Nxd5 31. Rxd5 $16) 30. Rxe4 (30. Rc4 cxd5 31. Rxc5 dxc5 $14) 30... Bxd5 31. Ng4 Bxe4 32. Nf6+ Kf8 33. Nh7+ Ke7 34. Qf6+ Ke8 35. Qh8+ Ke7 36. Qf6+) 29... Nh5 30. Qf1 Ng7 31. Qd1 Qe5 32. f4 Qc5 33. Kh2 d5 (33... f5 $14) 34. exd5 (34. f5 $1 $16) 34... cxd5 $14 35. Ng3 h5 {[%emt 0:02:42][%cal Bh6h5,Bh5h4][%mdl 32] [#]} 36. f5 h4 $1 $11 37. Ne2 Qc7+ 38. Kh1 Nxf5 39. Nxf5 Bxf5 40. Rxh4 Re8 41. Qa1 $1 {[%emt 0:04:37] Inhibits Re3.} Qe5 42. Qxe5 Rxe5 43. Rf4 Rc7 44. Nd4 Re1+ 45. Kh2 Be4 46. Rf6 Kg7 47. Rb6 Kh6 $1 48. Rb5 f5 $1 49. Rxa5 g5 (49... f4 $11) 50. Ra8 (50. Rb5 $1 $16) 50... f4 $14 51. Rh8+ Kg6 $1 52. Rg8+ Rg7 ({Better is} 52... Kf6 $1 $14) 53. Rxg7+ $1 $16 Kxg7 54. Nf3 Bxf3 55. gxf3 {[%emt 0:00:01][%cal Oh3h4][%mdl 4096] Endgame KR-KR. White is a pawn up.} Rc1 {[%emt 0:01:27] [#]} (55... Kf6 $16 {might work better.}) 56. h4 $1 $18 (56. Rxd5 Rxc2+ 57. Kg1 Rc1+ 58. Kf2 Rc2+ 59. Ke1 Kh6 $14) 56... gxh4 {[%emt 0:00:15] [#]} 57. Kh3 $1 Kf6 58. Rxd5 Rxc2 59. Kxh4 Rc3 60. Rb5 {[%emt 0:00:18] a5 would now be deadly.} Rxf3 61. Kg4 $1 {[%emt 0:00:26] Weighted Error Value: White=0.11 (very precise) /Black=0.14 (very precise)   Mistake:       	White=4     	Black=4      Inaccurate:     	White=4     	Black=7      OK:         	White=21    	Black=17     Best:        	White=2     	Black=2      Strong:       	White=6     	Black=4} ({Don't do} 61. Rxb7 Rg3 $14) 1-0

[Event "Berliner IM-Turnier 2025"]
[Site "Berlin"]
[Date "2025.03.02"]
[Round "9.6"]
[White "Yatskar, Martin"]
[Black "Zobel, Christian"]
[Result "1-0"]
[Annotator "ChessBase"]
[ECO "E32"]
[WhiteElo "2157"]
[BlackElo "2188"]
[PlyCount "77"]
[EventDate "2025.02.23"]
[EventType "tourn"]
[EventCountry "GER"]
[SourceTitle "playchess.com"]
[Source "ChessBase"]
[SourceQuality "1"]
[TimeControl "40/5400+30:1800+30"]

1. d4 Nf6 2. c4 e6 3. Nc3 Bb4 4. Qc2 O-O 5. e4 c5 6. e5 cxd4 7. a3 dxc3 8. axb4 Ng4 9. Qxc3 d6 10. exd6 Qxd6 11. c5 Qc7 12. Nf3 e5 13. h3 Nf6 14. Bc4 Bf5 15. O-O Nbd7 16. Re1 Rfe8 17. Bg5 a6 18. Re3 e4 19. Nh4 Be6 20. Bxf6 Nxf6 21. Bxe6 Rxe6 22. Nf5 Qf4 23. Nd4 Ree8 24. Ne2 Qh6 25. Qc4 Rad8 26. Nc3 Qf4 27. Rae1 Rd2 28. R1e2 Rxe2 29. Qxe2 Qe5 30. Qd2 Qb8 31. Qe1 Qe5 32. Qd2 Qb8 33. g3 h6 34. Qd4 Qe5 35. Qxe5 Rxe5 36. f3 Nd5 37. Rxe4 Rxe4 38. Nxe4 b5 39. cxb6 1-0

[Event "Berliner IM-Turnier 2025"]
[Site "Berlin"]
[Date "2025.03.02"]
[Round "9.7"]
[White "Noeldner, Julian"]
[Black "Ahmadinia, Ebrahim"]
[Result "1/2-1/2"]
[Annotator "ChessBase"]
[ECO "C47"]
[WhiteElo "2233"]
[BlackElo "2404"]
[PlyCount "48"]
[EventDate "2025.02.23"]
[EventType "tourn"]
[EventCountry "GER"]
[SourceTitle "playchess.com"]
[Source "ChessBase"]
[SourceQuality "1"]
[TimeControl "40/5400+30:1800+30"]

1. e4 e5 2. Nf3 Nc6 3. Nc3 Nf6 4. d4 exd4 5. Nxd4 Bb4 6. Nxc6 bxc6 7. Bd3 O-O 8. O-O d5 9. exd5 cxd5 10. h3 Be6 11. Qf3 h6 12. Bf4 Bd6 13. Nb5 Bxf4 14. Qxf4 c5 15. c4 dxc4 16. Bxc4 Qb8 17. Qxb8 Raxb8 18. Bxe6 fxe6 19. Nxa7 Rxb2 20. Nc6 Nd5 21. Rac1 Ra8 22. Rxc5 Raxa2 23. Ra5 Rxa5 24. Nxa5 Kf7 1/2-1/2

[Event "Berliner IM-Turnier 2025"]
[Site "Berlin"]
[Date "2025.03.02"]
[Round "9.8"]
[White "Schulze, Lara"]
[Black "Moritz, Aron"]
[Result "1/2-1/2"]
[Annotator "ChessBase"]
[ECO "B07"]
[WhiteElo "2266"]
[BlackElo "2276"]
[PlyCount "90"]
[EventDate "2025.02.23"]
[EventType "tourn"]
[EventCountry "GER"]
[SourceTitle "playchess.com"]
[Source "ChessBase"]
[SourceQuality "1"]
[TimeControl "40/5400+30:1800+30"]

1. e4 d6 2. d4 Nf6 3. Nc3 e5 4. Nge2 c6 5. a4 Be7 6. g3 Nbd7 7. Bg2 b6 8. O-O a6 9. h3 h5 10. Be3 Bb7 11. Qd2 O-O 12. f4 b5 13. b4 Nb6 14. Qd3 Nc4 15. Bf2 Qd7 16. Nd1 Rfe8 17. c3 Bf8 18. Be1 Qe7 19. Nf2 Nb2 20. Qf3 Nxa4 21. g4 hxg4 22. hxg4 exf4 23. Qxf4 Nh7 24. Nd3 g6 25. Ng3 Bg7 26. e5 Rad8 27. Ra2 Rd7 28. Re2 Qg5 29. exd6 Rxe2 30. Nxe2 Qxf4 31. Rxf4 Rxd6 32. Re4 Nf6 33. Re3 Kf8 34. Bg3 Rd8 35. Ne5 Rc8 36. Rf3 Kg8 37. Bh4 Nd5 38. Rxf7 Bxe5 39. Rxb7 Bg7 40. Be1 Re8 41. Bxd5+ cxd5 42. Kf1 Rf8+ 43. Kg2 Re8 44. Kf1 Rf8+ 45. Kg2 Re8 1/2-1/2

[Event "Berliner IM-Turnier 2025"]
[Site "Berlin"]
[Date "2025.03.02"]
[Round "9.9"]
[White "Jakubowski, Krzysztof"]
[Black "Muse, Drazen"]
[Result "1-0"]
[Annotator "ChessBase"]
[ECO "B00"]
[WhiteElo "2449"]
[BlackElo "2309"]
[PlyCount "171"]
[EventDate "2025.02.23"]
[EventType "tourn"]
[EventCountry "GER"]
[SourceTitle "playchess.com"]
[Source "ChessBase"]
[SourceQuality "1"]
[TimeControl "40/5400+30:1800+30"]

1. e4 Nc6 2. Nf3 d6 3. d4 Nf6 4. Nc3 g6 5. d5 Ne5 6. Nxe5 dxe5 7. Be3 Bg7 8. f3 O-O 9. Qd2 e6 10. O-O-O exd5 11. exd5 Ne8 12. h4 Nd6 13. h5 f5 14. hxg6 hxg6 15. g4 fxg4 16. Ne4 Rxf3 17. Ng5 Bf5 18. Ne6 Bxe6 19. dxe6 Qf6 20. Be2 e4 21. c3 Qxe6 22. Bd4 Bxd4 23. Qxd4 Qf6 24. Qc5 Qf7 25. Rh4 Rf5 26. Qe3 Qg7 27. Bxg4 Raf8 28. Qh3 Rf3 29. Bxf3 Rxf3 30. Qg2 Qf6 31. Rg4 Kf7 32. Rg1 Ke7 33. Rxg6 Qf4+ 34. Kb1 Kd7 35. Rd1 Rf2 36. Qh3+ Qf5 37. Rg7+ Kc6 38. Qxf5 Rxf5 39. Rd2 a5 40. a4 Rf6 41. Re7 b6 42. Rg2 Rf7 43. Rxf7 Nxf7 44. Rg7 Ne5 45. Kc2 Kd6 46. b3 Nd7 47. Rg6+ Kd5 48. Rg5+ Kd6 49. Rg6+ Kd5 50. Rg5+ Kd6 51. b4 Ne5 52. bxa5 bxa5 53. Rg8 Nc4 54. Rd8+ Ke5 55. Rc8 Kd6 56. Rd8+ Ke5 57. Kb3 Nd6 58. Rd7 c6 59. Rh7 Kf4 60. Rh6 Ke5 61. Kc2 c5 62. Rh5+ Nf5 63. Kd2 Kf4 64. Rh8 Nd6 65. Ra8 Ke5 66. Ke2 Nc4 67. Ra7 Kd5 68. Kf2 Kd6 69. Ra6+ Kd5 70. Ra8 Kd6 71. Rb8 Kd5 72. Rb5 Kd6 73. Kg3 Kc6 74. Kf4 Kd5 75. Rb8 Nd6 76. Rd8 Kc6 77. Ra8 Nc4 78. Kxe4 Kb7 79. Rh8 Nb6 80. Rh7+ Kb8 81. Kd3 Nxa4 82. Kc4 Ka8 83. Rh3 Kb7 84. Kb5 Nb2 85. Rh7+ Kc8 86. Kxa5 1-0

[Event "Berliner IM-Turnier 2025"]
[Site "Berlin"]
[Date "2025.03.02"]
[Round "9.10"]
[White "Poltorak, Sebastian"]
[Black "Florstedt, Johannes"]
[Result "1/2-1/2"]
[Annotator "ChessBase"]
[ECO "D85"]
[WhiteElo "2407"]
[BlackElo "2349"]
[PlyCount "28"]
[EventDate "2025.02.23"]
[EventType "tourn"]
[EventCountry "GER"]
[SourceTitle "playchess.com"]
[Source "ChessBase"]
[SourceQuality "1"]
[TimeControl "40/5400+30:1800+30"]

1. d4 Nf6 2. c4 g6 3. Nc3 d5 4. Nf3 Bg7 5. cxd5 Nxd5 6. e4 Nxc3 7. bxc3 c5 8. Be3 Qa5 9. Nd2 O-O 10. Nb3 Qxc3+ 11. Bd2 Qb2 12. Bc1 Qc3+ 13. Bd2 Qb2 14. Bc1 Qc3+ 1/2-1/2